 Dungeon Crawl Stone Soup version 0.31-a0-846-gb3bcc0d938 (webtiles) character file.

Game seed: 4044643498934223073

417 lunkers the Ruffian (level 7, 0/52 HPs)
             Began as a Meteoran Shapeshifter on Oct 3, 2023.
             Was an Initiate of the Shining One.
             Slain by a gnoll
             ... wielding a +0 flail
              (9 damage)
             ... on level 5 of the Dungeon.
             The game lasted 00:03:06 (1591 turns).

lunkers the Ruffian (Meteoran Shapeshifter)         Turns: 1591, Time: 00:03:06

Health: 0/52       AC:  5    Str: 16    XL:     7   Next: 38%
Magic:  8/8        EV: 11    Int: 12    God:    the Shining One [......]
Gold:   132        SH:  0    Dex: 21    Spells: 6/6 levels left

rFire   . .          .
                       - Unarmed
rCold   . . .        (no shield)
rNeg    . . .        i - +0 ring mail
rPois   .            (helmet currently unavailable)
rElec   .            (cloak currently unavailable)
rCorr   .            (gloves currently unavailable)
SInv    .            (boots currently unavailable)
Will    .....        (no amulet)
Stlth   +            h - +6 ring of dexterity
HPRegen 0.28/turn    (no ring)
MPRegen 0.11/turn

%: no passive effects
@: beast-form, glowing
A: beast (slay +3), sense surroundings 1, otherworldly, glowing, explore regen
a: Begin Untransformation, Renounce Religion


You were on level 5 of the Dungeon.
You worshipped the Shining One.
The Shining One was noncommittal.
You were a hulking beast.
You visited 1 branch of the dungeon, and saw 5 of its levels.

You collected 132 gold pieces.

Inventory:

Armour
 i - a +0 ring mail (worn)
 o - a +1 helmet
Jewellery
 h - a +6 ring of dexterity (left hand)
 r - a ring of magical power
Talismans
 c - a beast talisman (active)
 d - a flux talisman
Scrolls
 e - 3 scrolls of summoning {unknown}
 f - a scroll of blinking {unknown}
 g - a scroll of noise {unknown}
 k - a scroll of poison {unknown}
 l - a scroll of identify {unknown}
 p - a scroll of brand weapon {unknown}
 s - a scroll of revelation {unknown}
Potions
 a - a potion of mutation {unknown}
 b - a potion of lignification
 j - a potion of berserk rage {unknown}
 m - a potion of invisibility {unknown}
 n - 2 potions of enlightenment {unknown}
 q - 2 potions of curing {unknown}


   Skills:
 - Level 1.1 Fighting
 - Level 2.1 Dodging
 * Level 7.6 Unarmed Combat
 + Level 5.7 Shapeshifting


You had 6 spell levels left.
You didn't know any spells.
Your spell library contained the following spells:

 Spells                   Type           Power      Damage    Failure   Level
 Magic Dart               Conj           0%         1d3       54%         1
 Call Imp                 Summ           0%         N/A       67%         2
 Mephitic Cloud           Conj/Pois/Air  0%         N/A       88%         3


Dungeon Overview and Level Annotations

Branches:
Dungeon (5/15) Zot: 1428
 Temple: D:4-7

Altars:
Makhleb
Uskayaw
The Shining One

Shops:
D:1 (


Innate Abilities, Weirdness & Mutations

You are a hulking beast.
Your limbs bulge with bestial killing power. (Slay +3)
You passively map a small area around you.
You are easily found by Zot.
You glow in the dark.
You regain HP and MP as you explore.


Message History

You hit the gnoll sergeant but do no damage.
The gnoll sergeant is moderately wounded.
The gnoll misses you. The gnoll closely misses you.
You punch the gnoll sergeant!
The gnoll sergeant is severely wounded.
The gnoll hits you but does no damage. The gnoll closely misses you.
You hit the gnoll sergeant.
You kill the gnoll sergeant!
The gnoll barely misses you. x2
The gnoll hits you from afar with a +0 halberd.
The gnoll hits you with a +0 flail!
You hit the gnoll.
The gnoll is lightly wounded.
The gnoll closely misses you. x3; The gnoll barely misses you.
You hit the gnoll.
The gnoll is severely wounded.
The gnoll hits you from afar with a +0 spear.
The gnoll hits you with a +0 flail.
* * * LOW HITPOINT WARNING * * *
The gnoll hits you from afar with a +0 halberd!
* * * LOW HITPOINT WARNING * * *
The gnoll barely misses you. The gnoll barely misses you.
The gnoll hits you from afar with a +0 halberd.
* * * LOW HITPOINT WARNING * * *
Things that are here:
a +0 spear; a +0 scale mail; a gnoll corpse The gnoll attacks as it pursues you!
The gnoll hits you from afar with a +0 halberd.
* * * LOW HITPOINT WARNING * * *
Unknown command.
The gnoll attacks as it pursues you!
The gnoll hits you from afar with a +0 halberd!
* * * LOW HITPOINT WARNING * * *
The gnoll attacks as it pursues you! The gnoll barely misses you.
Unknown command.
Unknown command.
The gnoll attacks as it pursues you! The gnoll closely misses you.
The gnoll attacks as it pursues you! The gnoll hits you with a +0 flail!
You die...

#########
#.......#
#.......#
#.......#
####.......# *
#..........#
#.##.......#
#.#h.......# ,
####.#g###.####
* #......# ####
* * #.....g#
,...., ,
#...gg## .....
#...gg###......
#.....)..g.....,
#......g.#>....
,
#####..g.#,*###
*,


You could see 6 gnolls.

Vanquished Creatures
  An ogre (D:4)
  A kobold brigand (D:4)
  A gnoll sergeant (D:5)
  A crimson imp (D:3)
  A hound (D:4)
  A jelly (D:4)
  3 adders
  A worm (D:3)
  4 dart slugs
  13 orcs
  7 ball pythons
  5 endoplasms
  2 giant cockroaches
  7 hobgoblins
  4 kobolds
  A quokka (D:1)
  A frilled lizard (D:1)
  3 goblins
  A goblin skeleton (D:3)
  2 goblin zombies (D:3)
  4 hobgoblin zombies (D:3)
  A kobold zombie (D:3)
  An orc skeleton (D:3)
  4 orc zombies (D:3)
  3 rats (D:1)
73 creatures vanquished.

Notes
Turn   | Place    | Note
-------+----------+-------------------------------------------
     0 | D:1      | lunkers the Meteoran Shapeshifter began the quest for the
                  | Orb.
     0 | D:1      | Reached XP level 1. HP: 16/16 MP: 2/2
    91 | D:1      | Reached skill level 4 in Unarmed Combat
    91 | D:1      | Reached XP level 2. HP: 23/23 MP: 3/3
   221 | D:1      | Found Fyechat's Antique Weapon Shop.
   249 | D:1      | Reached XP level 3. HP: 28/28 MP: 4/4
   898 | D:3      | Reached XP level 4. HP: 35/35 MP: 5/5
   905 | D:3      | Found a glowing golden altar of the Shining One.
   915 | D:3      | Reached skill level 5 in Unarmed Combat
   946 | D:3      | Reached XP level 5. HP: 35/40 MP: 6/6
   947 | D:3      | Became a worshipper of the Shining One
  1123 | D:3      | Found a faded altar of an unknown god.
  1160 | D:3      | Found a hide-covered altar of Uskayaw.
  1318 | D:4      | Noticed an ogre
  1326 | D:4      | Killed an ogre
  1327 | D:4      | Reached skill level 6 in Unarmed Combat
  1327 | D:4      | Reached skill level 5 in Shapeshifting
  1327 | D:4      | Reached XP level 6. HP: 36/47 MP: 7/7
  1334 | D:4      | Found a burning altar of Makhleb.
  1360 | D:4      | Reached skill level 7 in Unarmed Combat
  1410 | D:4      | Reached XP level 7. HP: 43/52 MP: 8/8
  1563 | D:5      | Entered Level 5 of the Dungeon
  1591 | D:5      | Slain by a gnoll

Illustrated notes

Levels and vault maps discovered:
D:1:      ncdulo_halloftheorcs, layout_basic, serial_shops, shop
D:2:      layout_loops_ring
D:3:      layout_basic, nicolae_tso_besieged_by_evil,
          eat_drink_and_be_merry_uskayaw, shapermc_ecumenical_altar_mp_vishouse
D:4:      layout_basic, mainiacjoe_overflow_concentric_impassable
D:5:      layout_basic, minmay_temple_entry_butterflies,
          chequers_serial_rivers_marsh

Skill      XL: |  1  2  3  4  5  6 |
---------------+-------------------+-----
Unarmed Combat | 4 5 6 7 |  7.6
Shapeshifting  | 4 5 |  5.7
Fighting       | |  1.1
Dodging        | |  2.1

Action                     |  1- 3 |  4- 6 |  7- 9 || total
---------------------------+-------+-------+-------++-------
  Melee: Unarmed           |    52 |   104 |    30 ||   186
         Punch             |     2 |     6 |       ||     8
 Armour: Animal skin       |     4 |       |       ||     4
         Ring mail         |    16 |    59 |    21 ||    96
  Dodge: Dodged            |    30 |    37 |    23 ||    90

Table legend: (Time is in decaauts)
 A = Elapsed time spent in this place.
 B = Non-inter-level travel time spent in this place.
 C = Inter-level travel time spent in this place.
 D = Time resting spent in this place.
 E = Time spent auto-exploring this place.
 F = Levels seen in this place.
 G = Mean time per level.
                   A        B        C        D        E       F      G
               +--------+--------+--------+--------+--------+-----+--------+
         Total |   1570 |   1570 |      0 |      0 |   1081 |   5 |  314.0 |
       Dungeon |   1570 |   1570 |      0 |      0 |   1081 |   5 |  314.0 |
               +--------+--------+--------+--------+--------+-----+--------+

Top non-repeatable levels by time:
     D:2: 457 daAuts
     D:1: 422 daAuts
     D:4: 332 daAuts
     D:3: 331 daAuts
     D:5: 26 daAuts
